AoeStats
← uli2099

Fortress

510054862Analyzed
2v2 RM · 5d ago on Sep 29, 2026· 46m 42s· 4 players
Game mode
Random Map
Map size
Normal (6 player)
Population
200
Speed
Normal
Resources
Standard
Victory
Conquest
Starting age
Dark Age
Ending age
Imperial Age
RankedLock teamsTeams togetherTeam positionsShared explorationLock speedFull tech treeHidden civsTurbo modeCheats
Victory
Defeat
🇪🇸 Spanish · Spain
1505
+16
🇩🇪 Persians · Germany
1338
+24
🇦🇺 Saxons · Australia
1507
-20
🇦🇺 Italians · Australia
1505
-20
Flow
7:37 Feudal Age
10:59 Castle Age
14:18 Loom
15:28 Stone Mining
23:57 Town Watch
33:21 Wheelbarrow
32:32 Double-Bit Axe
32:27 Horse Collar
33:02 Padded Archer Armor
33:12 Husbandry
33:23 Bloodlines
37:23 Leather Archer Armor
39:54 Imperial Age
39:35 Hand Cart
41:02 Conscription
42:28 Hoardings
42:26 Ring Archer Armor
42:12 Bow Saw
42:03 Heavy Plow
42:11 Elite Conquistador
43:19 Devotion
45:05 Fletching
uli2099
7:17 Feudal Age
11:30 Castle Age
9:31 Horse Collar
10:40 Double-Bit Axe
12:17 Bow Saw
12:39 Loom
14:00 Gold Mining
20:40 Scale Barding Armor
22:58 Gold Shaft Mining
23:45 Wheelbarrow
24:50 Bloodlines
27:41 Hand Cart
31:35 Imperial Age
29:20 Stone Mining
30:49 Husbandry
31:45 Stone Shaft Mining
31:52 Forging
33:40 Cavalier
33:52 Heavy Scorpion
35:40 Chemistry
36:22 Conscription
37:29 Savar
39:31 Conscription
39:36 Kamandaran
40:53 Two-Man Saw
40:42 Masonry
40:47 Crossbowman
41:32 Thumb Ring
Isaac
6:25 Feudal Age
6:55 Double-Bit Axe
6:52 Horse Collar
8:41 Gold Mining
14:56 Wheelbarrow
21:56 Loom
42:37 Castle Age
40:45 Fletching
41:41 Padded Archer Armor
43:13 Bodkin Arrow
43:33 Leather Archer Armor
42:51 Elite Skirmisher
44:49 Leather Archer Armor
Henrì
7:00 Feudal Age
10:33 Castle Age
10:45 Double-Bit Axe
13:59 Imperial Age
12:33 Bow Saw
12:28 Horse Collar
13:42 Heavy Plow
13:40 Gold Mining
14:27 Wheelbarrow
18:32 Scale Mail Armor
18:50 Forging
20:06 Two-Man Saw
22:42 Chain Mail Armor
24:01 Iron Casting
24:02 Redemption
24:17 Sanctity
25:22 Conscription
24:29 Clerical Recruitment
25:29 Conscription
25:37 Block Printing
25:26 Atonement
25:54 Illumination
26:10 Theocracy
26:54 Gold Shaft Mining
28:35 Squires
28:56 Elite Hearth Troop
31:10 Plate Mail Armor
31:06 Loom
31:37 Hand Cart
31:07 Town Watch
34:27 Arson
Connection lost

Rejoining the realm…

Still unreachable

The connection could not be restored.

Session expired

The server has moved on; the page needs a fresh start.